 Dungeon Crawl Stone Soup version 0.28-a0-8-g6e044cfa68 (webtiles) character file.

Game seed: 11509139993965997901

917 Zonian the Conjurer (level 7, -1/50 (57) HPs)
             Began as a Black Draconian Conjurer on July 24, 2021.
             Was a Believer of Cheibriados.
             Slain by a wight (6 damage)
             ... on level 6 of the Dungeon.
             The game lasted 00:13:11 (9636 turns).

Zonian the Conjurer (Black Draconian Conjurer)      Turns: 9636, Time: 00:13:11

HP:   -1/50 (57)    AC:  7    Str: 15    XL:     7   Next: 83%
MP:   12/12         EV: 13    Int: 26    God:    Cheibriados [**....]
Gold: 239           SH:  0    Dex: 16    Spells: 2/12 levels left

rFire   . . .      SeeInvis .   t - +2 dagger (venom)
rCold   . . .      Faith    .   (no shield)
rNeg    . . .      Spirit   .   (armour unavailable)
rPois   .          Reflect  .   (helmet restricted)
rElec   +          Harm     .   d - +0 cloak
rCorr   +          Rampage  .   (no gloves)
Will    .....                   (no boots)
Stlth   +++.......              (no amulet)
HPRegen 0.16/turn               e - ring of resist corrosion
MPRegen 0.13/turn               (no ring)

@: short of breath, heavily drained, very slow
A: breathe lightning, AC +6, unfitting armour, electricity resistance,
cold-blooded
a: Breathe Lightning, Renounce Religion, Bend Time


You were on level 6 of the Dungeon.
You worshipped Cheibriados.
Cheibriados was pleased with you.
You visited 1 branch of the dungeon, and saw 6 of its levels.

You collected 239 gold pieces.

Inventory:

Hand Weapons
 b - a +2 dagger of holy wrath
 l - a +3 dagger of freezing
 t - a +2 dagger of venom (weapon)
Armour
 d - a +0 cloak (worn)
Jewellery
 e - a ring of resist corrosion (left hand)
Wands
 g - a wand of charming (13)
 q - a wand of mindburst (18)
Scrolls
 a - a scroll of identify
 o - a scroll of immolation {unknown}
 p - 2 scrolls of teleportation
 s - 3 scrolls of amnesia
Potions
 c - a potion of resistance
 f - a potion of ambrosia
 h - a potion of might
 i - a potion of degeneration {unknown}
 j - a potion of flight {unknown}
 k - a potion of magic {unknown}
 m - 2 potions of curing {unknown}
 n - a potion of haste {unknown}
 r - a potion of attraction {unknown}


   Skills:
 + Level 3.0 Fighting
 + Level 2.5 Short Blades
 + Level 3.1 Dodging
 + Level 3.5 Stealth
 + Level 3.4 Spellcasting
 + Level 5.6 Conjurations
 + Level 1.0 Translocations
 + Level 2.3 Air Magic
 + Level 1.7 Poison Magic
 + Level 2.3 Invocations


You had 2 spell levels left.
You knew the following spells:

 Your Spells              Type           Power      Damage    Failure   Level
a - Magic Dart            Conj           100%       1d8       1%          1
b - Searing Ray           Conj           66%        3d5       1%          2
c - Mephitic Cloud        Conj/Pois/Air  21%        N/A       7%          3
d - Iskenderun's Mystic   Conj/Tloc      21%        2d6       22%         4

Your spell library contained the following spells:

 Spells                   Type           Power      Damage    Failure   Level
 Foxfire                  Conj/Fire      76%        2x1d7     2%          1
 Static Discharge         Conj/Air       25%        N/A       2%          2
 Apportation              Tloc           18%        N/A       6%          1
 Poisonous Vapours        Pois/Air       30%        N/A       6%          2
 Freeze                   Ice            16%        1d4       9%          1
 Sandblast                Erth           8%         2d5       9%          1
 Passwall                 Tmut/Erth      3%         N/A       14%         2
 Sublimation of Blood     Necr           2%         N/A       14%         2
 Wereblood                Tmut           4%         N/A       14%         2
 Conjure Flame            Conj/Fire      19%        6-21      9%          3
 Dazzling Flash           Conj/Hex       38%        N/A       9%          3
 Stone Arrow              Conj/Erth      38%        3d9       9%          3
 Lesser Beckoning         Tloc           4%         N/A       19%         3
 Frozen Ramparts          Ice            8%         1d2       26%         3
 Inner Flame              Hex/Fire       4%         N/A       26%         3
 Fulminant Prism          Conj/Hex       9%         3d7       28%         4
 Hailstorm                Conj/Ice       19%        3d6       28%         4
 Lightning Bolt           Conj/Air       12%        1d26      43%         5
 Freezing Cloud           Conj/Ice/Air   9%         6-21      63%         5
 Leda's Liquefaction      Hex/Erth       2%         N/A       65%         4
 Bolt of Magma            Conj/Fire/Erth 7%         4d6       75%         5
 Alistair's Intoxication  Tmut/Pois      6%         N/A       86%         5
 Lee's Rapid Deconstruct  Erth           2%         3d5*      94%         5
 Metabolic Englaciation   Hex/Ice        2%         N/A       94%         5
 Invisibility             Hex            2%         N/A       100%        6
 Statue Form              Tmut/Erth      2%         N/A       100%        6
 Summon Hydra             Summ           2%         N/A       100%        7
 Discord                  Hex            2%         N/A       100%        8
 Maxwell's Capacitive Co  Air            8%         ∞         100%        8
 Shatter                  Erth           2%         3d6*      100%        9


Dungeon Overview and Level Annotations

Branches:
Dungeon (6/15)
 Temple: D:4-7

Altars:
Cheibriados
Fedhas
Trog
Wu Jian

Annotations:
D:6 3 runed translucent doors


Innate Abilities, Weirdness & Mutations

You can breathe wild blasts of lightning.
Your glossy black scales are hard. (AC +6)
You cannot fit into any form of body armour.
You are resistant to electric shocks. (rElec)
You are cold-blooded and may be slowed by cold attacks.


Message History

Unknown command.
(D) Dungeon
Where to? (Enter - D:5 @ (x,y), ? - help)
There is a stone staircase leading down here.
You climb downwards.
Level annotation: 3 runed translucent doors
There is a stone staircase leading up here.
Unknown command.
A wight comes into view. It is wielding a +5 long sword.
A wight is nearby!
Unknown command. 2 wights come into view.
You hit the wight but do no damage.
The wight hits you with a +5 long sword!
The wight completely misses you.
You hit the wight.
You tail-slap the wight, but do no damage.
The wight is lightly damaged.
The wight hits you with a +0 mace.
You feel drained.
The wight hits you with a +5 long sword!
You feel drained.
You hit the wight but do no damage.
You tail-slap the wight, but do no damage.
The wight is lightly damaged.
Unknown command.
The wight hits you with a +0 mace.
You feel drained.
The wight hits you with a +5 long sword!
You feel drained.
Casting: Magic Dart (safe; 1% risk of failure)
Confirm with . or Enter, or press ? or * to list all spells.
Okay, then.
You breathe a wild blast of lightning!
The orb of electricity explodes!
The orb of electricity engulfs you! You resist.
* * * LOW HITPOINT WARNING * * *
The orb of electricity explodes!
The orb of electricity engulfs you! You resist.
* * * LOW HITPOINT WARNING * * *
You hear a mighty clap of thunder!
You hear a shout!
The wight hits you with a +0 mace.
You die...

### #.... ..#
..# ..#
#.########
#.#
.........##
... ##...##
###
...###.....##
.......<.@z.#
.#####....zz#
.. ##...#.#
.. ##.##.# ..
...# .# ..###
.# . #... .#
## ##. .# # .
.#


You could see 3 wights.

Vanquished Creatures
  A water moccasin (D:3)
  A necrophage (D:4)
  2 phantoms
  A water moccasin skeleton (D:5)
  A hound (D:4)
  A jelly (D:4)
  2 bullfrog skeletons
  7 orc wizards (D:4)
  3 hound skeletons
  4 gnolls (D:3)
  4 adders
  A worm (D:2)
  2 dart slugs
  7 orcs
  5 ball pythons
  7 bats
  8 endoplasms
  5 giant cockroaches
  6 goblins
  7 hobgoblins
  21 jackals
  A quokka (D:2)
  3 frilled lizards
  12 kobolds
  11 rats
123 creatures vanquished.

Notes
Turn   | Place    | Note
-------+----------+-------------------------------------------
     0 | D:1      | Zonian the Draconian Conjurer began the quest for the Orb.
     0 | D:1      | Reached XP level 1. HP: 14/14 MP: 3/3
   257 | D:1      | Reached XP level 2. HP: 20/20 MP: 5/5
   261 | D:1      | Learned a level 2 spell: Searing Ray
   528 | D:1      | Got the Almanac of Bewitching Dislocation
   930 | D:1      | Reached XP level 3. HP: 26/26 MP: 4/6
  1509 | D:1      | Found a faded altar of an unknown god.
  1554 | D:1      | You fall into a shaft and drop 1 floor!
  3081 | D:2      | Reached XP level 4. HP: 33/33 MP: 5/7
  4206 | D:3      | Noticed a water moccasin
  4221 | D:3      | Killed a water moccasin
  4222 | D:3      | Reached skill level 1 in Fighting
  4222 | D:3      | Reached skill level 1 in Short Blades
  4222 | D:3      | Reached skill level 5 in Conjurations
  4222 | D:3      | Reached XP level 5. HP: 8/40 MP: 0/9
  4227 | D:3      | HP: 2/40 [poisoned by a water moccasin]
  4649 | D:3      | Found a snail-covered altar of Cheibriados.
  4655 | D:3      | Became a worshipper of Cheibriados the Contemplative
  4668 | D:3      | Found a bloodstained altar of Trog.
  5605 | D:3      | Learned a level 3 spell: Mephitic Cloud
  5715 | D:3      | Reached * piety under Cheibriados
  6164 | D:3      | Found an ornate altar of the Wu Jian Council.
  6433 | D:4      | Noticed a necrophage
  6449 | D:4      | Killed a necrophage
  6450 | D:4      | Reached skill level 1 in Invocations
  6450 | D:4      | Reached XP level 6. HP: 28/48 MP: 7/10
  6991 | D:4      | Reached skill level 1 in Air Magic
  7040 | D:4      | Reached skill level 1 in Poison Magic
  7113 | D:4      | Your scales start taking on a glossy black colour.
  7113 | D:4      | Reached XP level 7. HP: 43/56 MP: 6/11
  7113 | D:4      | Gained mutation: You are resistant to electric shocks.
                  | (rElec) [Black Draconian growth]
  7349 | D:4      | Reached ** piety under Cheibriados
  7390 | D:4      | Learned a level 4 spell: Iskenderun's Mystic Blast
  7555 | D:4      | Found a blossoming altar of Fedhas.
  8137 | D:5      | Entered Level 5 of the Dungeon
  9456 | D:6      | Found a runed translucent gate.
  9456 | D:6      | Found a runed translucent gate.
  9456 | D:6      | Found a runed translucent gate.
  9482 | D:6      | Reached skill level 1 in Translocations
  9636 | D:6      | Slain by a wight

Illustrated notes

Levels and vault maps discovered:
D:1:      nicolae_arrival_washed_ashore, layout_loops_ring,
          hellmonk_ecumenical_altar_inner_sanctum, minmay_tetromino_s2
D:2:      layout_loops_ring
D:3:      layout_loops_ring, marbit_many_paths, nicolae_overflow_crystal_walls,
          lemuel_round_altar, due_unseen_surprise
D:4:      layout_basic, mainiacjoe_overflow_concentric_impassable,
          minmay_a_box_with_orc_wizards_in_it
D:5:      layout_cave_pools
D:6:      cheibrodos_fzero, layout_loops_ring, minmay_temple_entry_hall,
          gammafunk_ghost_necromancy

Skill      XL: |  1  2  3  4  5  6  7 |
---------------+----------------------+-----
Dodging        | 2 3 |  3.1
Stealth        | 2 3 |  3.5
Fighting       | 1 2 3 |  3.0
Short Blades   | 1 2 |  2.5
Conjurations   | 5 |  5.6
Spellcasting   | 3 |  3.4
Invocations    | 1 2 |  2.3
Air Magic      | 1 2 |  2.3
Poison Magic   | 1 |  1.7
Translocations | 1 |  1.0

Action                   |  1- 3 |  4- 6 |  7- 9 || total
-------------------------+-------+-------+-------++-------
Melee: Dagger            |    51 |   115 |    27 ||   193
       Unarmed           |     3 |       |       ||     3
       Tailslap          |     3 |    11 |     7 ||    21
 Cast: Magic Dart        |    68 |    50 |    70 ||   188
       Searing Ray       |       |     4 |     2 ||     6
 Abil: Breathe Lightning |       |       |     2 ||     2
  Use: Scroll            |     2 |     4 |       ||     6
 Stab: Sleeping          |     4 |     4 |       ||     8
       Distracted        |       |     2 |       ||     2
Armor: Skin              |    28 |    45 |    10 ||    83
Dodge: Dodged            |    47 |    53 |    17 ||   117

Table legend: (Time is in decaauts)
 A = Elapsed time spent in this place.
 B = Non-inter-level travel time spent in this place.
 C = Inter-level travel time spent in this place.
 D = Time resting spent in this place.
 E = Time spent auto-exploring this place.
 F = Levels seen in this place.
 G = Mean time per level.
                   A        B        C        D        E       F      G
               +--------+--------+--------+--------+--------+-----+--------+
         Total |  10428 |  10054 |    374 |   5134 |   3818 |   6 | 1738.0 |
       Dungeon |  10428 |  10054 |    374 |   5134 |   3818 |   6 | 1738.0 |
               +--------+--------+--------+--------+--------+-----+--------+

Top non-repeatable levels by time:
     D:3: 2454 daAuts
     D:4: 2408 daAuts
     D:1: 2095 daAuts
     D:2: 2054 daAuts
     D:5: 1258 daAuts
     D:6: 158 daAuts
